 Dungeon Crawl Stone Soup version 0.23-a0-899-gbbae0a3 (webtiles) character file.

Game seed: 13978950111357958876

178 mhoghedin the Skirmisher (level 5, -6/33 HPs)
             Began as a Kobold Fighter on Jan 29, 2019.
             Hit by a stone thrown by an orc warrior (7 damage)
             ... on level 3 of the Dungeon.
             The game lasted 00:02:38 (2555 turns).

mhoghedin the Skirmisher (Kobold Fighter)           Turns: 2555, Time: 00:02:39

Health: -6/33      AC:  6    Str: 14    XL:     5   Next: 89%
Magic:  5/5        EV: 10    Int:  9    God:
Gold:   136        SH:  9    Dex: 15    Spells: 4/4 levels left

rFire    . . .     SeeInvis .   a - +1 flail
rCold    . . .     Gourm    .   c - +0 shield
rNeg     . . .     Faith    .   b - +0 scale mail
rPois    .         Spirit   .   (no helmet)
rElec    .         Reflect  .   (no cloak)
rCorr    .         Harm     .   (no gloves)
MR       .....                  (no boots)
Stlth    ..........             (no amulet)
HPRegen  0.11/turn              (no ring)
MPRegen  0.09/turn              (no ring)

@: no status effects
A: small, carnivore
a: no special abilities


You were on level 3 of the Dungeon.
You were full.

You visited 1 branch of the dungeon, and saw 3 of its levels.

You collected 136 gold pieces.

Inventory:

Hand Weapons
 a - a +1 flail (weapon)
Armour
 b - a +0 scale mail (worn)
 c - a +0 shield (worn)
 i - a +0 pair of gloves
   (You found it on level 2 of the Dungeon)
Scrolls
 g - a scroll of teleportation
 h - a scroll of immolation {!r}
Potions
 e - 2 potions of haste
Comestibles
 f - 3 rations


   Skills:
 + Level 4.2 Fighting
 + Level 2.7 Maces & Flails
 + Level 3.1 Armour
 + Level 2.4 Dodging
 + Level 3.1 Shields


You had 4 spell levels left.
You didn't know any spells.
Your spell library was empty.

Dungeon Overview and Level Annotations

Branches:
Dungeon (3/15)

Altars:
Kikubaaqudgha
Vehumet


Innate Abilities, Weirdness & Mutations

You are small and have problems with some larger weapons.
You are carnivorous and can eat meat at any time.


Message History

You take 8 damage, and have 7/33 hp.
MASSIVE DAMAGE!!
You start resting.
A leopard gecko comes into view.
You regained 11 hp, and now have 18/33 hp.
You start resting.
The leopard gecko is too close now for your liking.
The leopard gecko hisses angrily.
You closely miss the leopard gecko. You block the leopard gecko's attack.
You thump the leopard gecko!
You kill the leopard gecko!
You see here a leopard gecko corpse.
You start resting.
Health restored: 33 You open the door.
Found a radiant altar of Vehumet.
There is an open door here.
As you open the door, it creaks loudly!
There is an open door here.
Found a stone staircase leading down.
You see here a leather armour.
A hobgoblin comes into view. It is wielding a +0 club.
The hobgoblin shouts!
You hear a shout!
You hear an angry hiss.
An adder comes into view.
A worm comes into view.
The adder bites you but does no damage.
You closely miss the adder. You block the adder's attack.
The hobgoblin completely misses you. The adder barely misses you.
You closely miss the hobgoblin.
The hobgoblin hits you but does no damage. x2
You hit the hobgoblin. You block the hobgoblin's attack.
You hit the hobgoblin but do no damage. You block the hobgoblin's attack.
You hit the hobgoblin but do no damage. You block the hobgoblin's attack.
You sock the hobgoblin!
You kill the hobgoblin!
You block the adder's attack.
A frilled lizard comes into view.
You barely miss the adder. The adder misses you.
The adder bites you but does no damage.
You closely miss the adder. You block the adder's attack. x2
You hit the adder. The adder bites you but does no damage.
The frilled lizard hisses.
The adder closely misses you.
You closely miss the adder.
An orc warrior comes into view. It is wielding a +0 hand axe.
You block the adder's attack.
You barely miss the adder. You block the adder's attack.
The adder bites you but does no damage.
You miss the adder. You block the adder's attack. The adder bites you.
You take 1 damage, and have 32/33 hp.
You hit the adder. You block the adder's attack.
You sock the adder!
You kill the adder!
The frilled lizard unfolds its giant frill.
You miss the frilled lizard. You block the frilled lizard's attack.
The frilled lizard bites you but does no damage.
Health restored: 33 You barely miss the frilled lizard.
The frilled lizard bites you.
You take 3 damage, and have 30/33 hp.
You closely miss the frilled lizard. You block the frilled lizard's attack.
You barely miss the frilled lizard. You block the frilled lizard's attack.
The frilled lizard bites you but does no damage.
You sock the frilled lizard!
You kill the frilled lizard!
The orc warrior throws a stone.
You block the stone.
You hit the worm. The worm bites you but does no damage.
You sock the worm!
Your scale mail prevents you from hitting the worm.
You block the worm's attack.
You thump the worm!
You kill the worm!
The orc warrior throws a stone.
The stone closely misses you.
The orc warrior throws a stone.
The stone hits you but does no damage. The orc warrior barely misses you.
Items here: ) ††† a +0 club; a worm corpse; an adder corpse; a hobgoblin corpse Your shield and scale mail prevent you from hitting the orc warrior.
The orc warrior hits you with a +0 hand axe!
You are too injured to fight recklessly!
You are too injured to fight recklessly!
You are too injured to fight recklessly!
You are too injured to fight recklessly!
You are too injured to fight recklessly!
You take 12 damage, and have 19/33 hp.
MASSIVE DAMAGE!!
Okay, then.
Unknown command.
The orc warrior throws a stone.
You block the stone.
You see here 3 stones.
The orc warrior throws a stone.
The stone hits you!
You see here a stone.
You take 7 damage, and have 12/33 hp.
MASSIVE DAMAGE!!
The orc warrior throws a stone.
The stone hits you!
* * * LOW HITPOINT WARNING * * *
You see here a stone.
You take 12 damage, and have 1/33 hp.
MASSIVE DAMAGE!!
The orc warrior throws a stone.
The stone hits you!
You die...

......## ##
......# ..
##...#.# #.
..#.#.#..
...>.#.
#.... #..###
### #.@#%..
..(
#..###.###.#
#..(.#.....#
#....###o# .
# ###....#(#
...#
#.[.o#(#..#
##........#
#....(...#
..
##..###....#


You could see an orc warrior.

Vanquished Creatures
  2 orc wizards (D:3)
  7 adders
  An ooze (D:2)
  4 worms
  A leopard gecko (D:3)
  2 orcs (D:3)
  3 giant cockroaches
  8 goblins
  2 hobgoblins
  A quokka (D:2)
  2 bats
  4 frilled lizards
  6 kobolds
  5 rats
48 creatures vanquished.

Vanquished Creatures (others)
  A human (D:2)
1 creature vanquished.

Grand Total: 49 creatures vanquished

Notes
Turn   | Place    | Note
-------+----------+-------------------------------------------
     0 | D:1      | mhoghedin the Kobold Fighter began the quest for the Orb.
     0 | D:1      | Reached XP level 1. HP: 14/14 MP: 1/1
   380 | D:1      | Reached XP level 2. HP: 18/19 MP: 2/2
   563 | D:1      | Reached skill level 2 in Maces & Flails
   980 | D:2      | Reached skill level 1 in Dodging
  1014 | D:2      | Reached XP level 3. HP: 17/23 MP: 3/3
  1113 | D:2      | Found an ancient bone altar of Kikubaaqudgha.
  1114 | D:2      | Noticed a human
  1116 | D:2      | Killed a human
  1437 | D:2      | Reached XP level 4. HP: 26/29 MP: 4/4
  1905 | D:3      | Reached skill level 4 in Fighting
  1905 | D:3      | Reached skill level 3 in Armour
  1905 | D:3      | Reached skill level 2 in Dodging
  1905 | D:3      | Reached XP level 5. HP: 11/33 MP: 5/5
  1915 | D:3      | HP: 4/33 [something/magic dart (8)]
  1920 | D:3      | HP: 5/33 [something/puff of frost (9)]
  1925 | D:3      | Reached skill level 3 in Shields
  2239 | D:3      | HP: 8/33 [poisoned by an adder]
  2247 | D:3      | HP: 7/33 [poisoned by an adder]
  2494 | D:3      | Found a radiant altar of Vehumet.
  2531 | D:3      | Noticed an orc warrior
  2553 | D:3      | HP: 1/33 [orc warrior/stone (12)]
  2555 | D:3      | Hit by a stone thrown by an orc warrior

Vault maps used:
D:1:      kennysheep_arrival_seaside, minmay_close_crescents
D:2:      first_ration, minmay_misc_feat_alley, tgw_kikubaaqudgha
D:3:      lemuel_doored_altar, serial_co_window_serial, co_window_corner_a,
          co_window_cross_1, co_window_cross_1, co_window_of_opportunity_a,
          co_window_corner_a, co_window_of_opportunity_a, co_window_paths_c,
          co_window_paths_c, co_window_corner_cb, co_window_broadway_b,
          co_window_2corner, glass_columns_b, glass_columns_b, minmay_quantized,
          uniq_terence

Skill      XL: |  1  2  3  4  5 |
---------------+----------------+-----
Maces & Flails | 2 |  2.7
Dodging        | 1 2 |  2.4
Fighting       | 4 |  4.2
Armour         | 3 |  3.1
Shields        | 3 |  3.1

Action                   |  1- 3 |  4- 6 || total
-------------------------+-------+-------++-------
Melee: Flail             |   112 |    94 ||   206
  Use: Scroll            |       |     8 ||     8
       Potion            |       |     6 ||     6
  Eat: Chunk             |     6 |     4 ||    10
Armor: Scale mail        |    66 |    55 ||   121
Dodge: Dodged            |    33 |    24 ||    57
Block: Shield            |    62 |    45 ||   107

Table legend:
 A = Non-vault XP
 B = Vault XP
 C = Vault XP percentage of total XP
 D = Non-vault monster count
 E = Vault monster count
 F = Vault count percentage of total count
                 A         B        C        D         E       F
            +---------+---------+-------+---------+---------+-------
      Total |     226 |      29 |  11.4 |      40 |       8 |  16.7
            +---------+---------+-------+---------+---------+-------
        D:1 |      15 |       8 |  34.8 |      11 |       4 |  26.7
        D:2 |      81 |       0 |   0.0 |      20 |       0 |   0.0
        D:3 |     130 |      21 |  13.9 |       9 |       4 |  30.8
            +---------+---------+-------+---------+---------+-------

Vault maps used:
D:1:      kennysheep_arrival_seaside, minmay_close_crescents
D:2:      first_ration, minmay_misc_feat_alley, tgw_kikubaaqudgha
D:3:      lemuel_doored_altar, serial_co_window_serial, co_window_corner_a,
          co_window_cross_1, co_window_cross_1, co_window_of_opportunity_a,
          co_window_corner_a, co_window_of_opportunity_a, co_window_paths_c,
          co_window_paths_c, co_window_corner_cb, co_window_broadway_b,
          co_window_2corner, glass_columns_b, glass_columns_b, minmay_quantized,
          uniq_terence

Table legend:
 A = Turns spent in this place as a percentage of turns spent in the entire game.
 B = Non-inter-level travel turns spent in this place as a percentage of non-inter-level travel turns spent in the entire game.
 C = Inter-level travel turns spent in this place as a percentage of turns spent in this place.
 D = Turns resting spent in this place as a percentage of non-inter-level travel turns spent in this place.
 E = Turns spent auto-exploring this place as a percentage of non-inter-level travel turns spent in this place.
 F = Non-inter-level travel turns spent in this place divided by the number of levels of this place that you've seen.
                   A       B       C       D       E      F
               +-------+-------+-------+-------+-------+----------------------
         Total | 100.0 | 100.0 |   3.1 |  37.8 |  46.5 | 825.0
       Dungeon | 100.0 | 100.0 |   3.1 |  37.8 |  46.5 | 825.0
               +-------+-------+-------+-------+-------+----------------------

Table legend:
 A = Kills in this place as a percentage of kills in entire the game.
 B = Kills by you in this place as a percentage of kills by you in the entire game.
 C = Kills by friends in this place as a percentage of kills by friends in the entire game.
 D = Other kills in this place as a percentage of other kills in the entire game.
 E = Experience gained in this place as a percentage of experience gained in the entire game.
 F = Experience gained in this place divided by the number of levels of this place that you have seen.
                   A       B       C       D       E      F
               +-------+-------+-------+-------+-------+----------------------
         Total | 100.0 | 100.0 |   N/A |   N/A | 100.0 |  85.0
       Dungeon | 100.0 | 100.0 |   N/A |   N/A | 100.0 |  85.0
               +-------+-------+-------+-------+-------+----------------------
